 Dungeon Crawl Stone Soup version 0.29.1-13-g9f3cf754e1 (webtiles) character file.

Game seed: 12851335385136854140

92 xian the Chopper (level 4, -1/35 HPs)
             Began as a Formicid Gladiator on Jan 24, 2023.
             Slain by an adder (3 damage)
             ... on level 3 of the Dungeon.
             The game lasted 00:04:48 (3014 turns).

xian the Chopper (Formicid Gladiator)               Turns: 3014, Time: 00:04:49

Health: -1/35      AC:  8    Str: 19    XL:     4   Next: 90%
Magic:  4/4        EV:  8    Int:  7    God:
Gold:   133        SH:  0    Dex: 15    Spells: 3/3 levels left

rFire   . . .      SeeInvis +   a - +0 war axe
rCold   . . .      Faith    .   (no shield)
rNeg    . . .      Spirit   .   n - +0 chain mail
rPois   +          Reflect  .   (helmet unavailable)
rElec   .          Harm     .   (no cloak)
rCorr   .          Rampage  .   (no gloves)
Will    .....                   (no boots)
Stlth   ..........              (no amulet)
HPRegen 0.11/turn               (no ring)
MPRegen 0.09/turn               (no ring)

@: no status effects
A: permanent stasis, dig shafts and tunnels, antennae 3, four strong arms, fangs
1, poison resistance, weak 1
a: Dig, Shaft Self


You were on level 3 of the Dungeon.
You visited 1 branch of the dungeon, and saw 3 of its levels.

You collected 133 gold pieces.

Inventory:

Hand Weapons
 a - a +0 war axe (weapon)
Missiles
 c - 3 throwing nets
 d - a javelin (quivered)
 i - 12 stones
Armour
 n - a +0 chain mail (worn)
Scrolls
 e - a scroll of poison
 f - a scroll of noise {unknown}
 h - a scroll of butterflies {unknown}
 j - a scroll of fear {unknown}
 m - a scroll of vulnerability {unknown}
Potions
 k - a potion of mutation


   Skills:
 + Level 3.0 Fighting
 + Level 4.0 Axes
 + Level 2.2 Throwing
 + Level 1.6 Armour
 + Level 3.0 Dodging
 + Level 0.6 Stealth


You had 3 spell levels left.
You didn't know any spells.
Your spell library was empty.

Dungeon Overview and Level Annotations

Branches:
Dungeon (3/15)

Altars:

Shops:
D:1 :


Innate Abilities, Weirdness & Mutations

You cannot be hasted, slowed, berserked, paralysed or teleported.
You can dig through walls and to a lower floor.
You have a pair of large antennae on your head. (SInv)
Your four strong arms can wield two-handed weapons with a shield.
You have very sharp teeth.
Your system is resistant to poisons. (rPois)
You are weak. (Str -2)


Message History

It was a potion of mutation.
You feel extremely strange.
You feel weaker.
You feel resistant to poisons.
Your teeth lengthen and sharpen.
The gnoll hits you but does no damage.
It was a potion of heal wounds.
You feel much better. The adder bites you but does no damage.
The gnoll misses you.
Unknown command.
You barely miss the jackal. You slash the adder!
The jackal bites you but does no damage.
The adder bites you but does no damage.
The gnoll hits you from afar with a +0 halberd!
The jackal bites you but does no damage.
Unknown command.
You closely miss the adder.
The adder is severely wounded.
You hit the jackal. The adder bites you but does no damage.
The jackal bites you.
The gnoll hits you from afar with a +0 halberd!
* * * LOW HITPOINT WARNING * * *
The adder barely misses you. The jackal closely misses you.
Okay, then.
The air fills with toxic fumes!
As you read the scroll labelled SELUCI QYTYT, it crumbles to dust.
It was a scroll of poison.
The adder closely misses you.
The gnoll hits you from afar with a +0 halberd.
* * * LOW HITPOINT WARNING * * *
The jackal bites you but does no damage.
The jackal closely misses you.
You completely miss the adder. You bite the adder, but do no damage.
The adder is severely wounded.
You barely miss the jackal. You closely miss the jackal.
The adder bites you but does no damage. The jackal barely misses you. x2
The gnoll hits you but does no damage. The adder bites you but does no damage.
The jackal bites you but does no damage. x2
Unknown command.
It was a potion of curing.
You feel better.
The gnoll hits you from afar with a +0 halberd.
* * * LOW HITPOINT WARNING * * *
The jackal barely misses you. The adder bites you.
You die...

#.# #......##### #§#
##§######....
######§#####§§# #.###
#..§§§§.§§§§§##### #.#..
#...§§§.§§§§§....###.###
#....§h{§§§§.....##.....
.
######g#§§##§§§..#######
... #§hh§§§§§§..+......
.....####
##@####)....#######
...S..+..#####S§#
#######
......##....§§§## #####
..........§§§### #....
........§§§§§# #....
........§§§§.# #....
........§§§..# #....
........§§§..# #....
.............# #####


You could see a gnoll, an adder and 3 jackals.

Vanquished Creatures
  Robin (D:3)
  A gnoll (D:3)
  An adder (D:2)
  4 worms (D:2)
  4 ball pythons
  2 endoplasms
  A giant cockroach (D:2)
  15 goblins
  8 hobgoblins
  A jackal (D:3)
  2 bats
  2 frilled lizards
  A kobold (D:2)
  4 rats
47 creatures vanquished.

Notes
Turn   | Place    | Note
-------+----------+-------------------------------------------
     0 | D:1      | xian the Formicid Gladiator began the quest for the Orb.
     0 | D:1      | Reached XP level 1. HP: 16/16 MP: 1/1
   282 | D:1      | Found Filuidibb's Book Shoppe.
   620 | D:1      | Reached XP level 2. HP: 22/23 MP: 2/2
   881 | D:1      | Found a faded altar of an unknown god.
  1373 | D:2      | Reached XP level 3. HP: 28/28 MP: 3/3
  2059 | D:2      | Reached skill level 1 in Armour
  2400 | D:2      | Reached XP level 4. HP: 33/34 MP: 4/4
  2780 | D:3      | Noticed Robin
  2805 | D:3      | Killed Robin
  2991 | D:3      | Reached skill level 4 in Axes
  3008 | D:3      | Gained mutation: You are weak. (Str -2) [potion of
                  | mutation]
  3008 | D:3      | Gained mutation: Your system is resistant to poisons.
                  | (rPois) [potion of mutation]
  3008 | D:3      | Gained mutation: You have very sharp teeth. [potion of
                  | mutation]
  3012 | D:3      | HP: 1/35 [gnoll/+0 halberd (2)]
  3014 | D:3      | Slain by an adder

Illustrated notes

Levels and vault maps discovered:
D:1:      dpeg_chamrin_arrival_tetris, layout_loops_ring, serial_shops, shop,
          ebering_ecumenical_altar_petrified
D:2:      layout_loops_corners
D:3:      layout_basic, chequers_serial_rivers_small_a, kennysheep_crisscross,
          uniq_robin

Skill      XL: |  1  2  3  4 |
---------------+-------------+-----
Dodging        | 3 |  3.0
Armour         | 1 |  1.6
Fighting       | 3 |  3.0
Axes           | 4 |  4.0
Throwing       | |  2.2
Stealth        | |  0.6

Action                   |  1- 3 |  4- 6 || total
-------------------------+-------+-------++-------
Melee: War axe           |    97 |    49 ||   146
       Punch             |     1 |       ||     1
       Bite              |       |     1 ||     1
  Use: Potion            |       |     3 ||     3
       Scroll            |       |     1 ||     1
 Stab: Sleeping          |     1 |       ||     1
Armor: Leather armour    |     7 |       ||     7
       Ring mail         |    17 |     5 ||    22
       Chain mail        |       |    40 ||    40
Dodge: Dodged            |    49 |    35 ||    84
